 Dungeon Crawl Stone Soup version 0.25-a0-68-ge58f8a54b6 (webtiles) character file.

Game seed: 10648716129861623717, levelgen mode: deterministic

145 iamserjio the Skirmisher (level 5, -2/37 HPs)
             Began as an Octopode Earth Elementalist on Nov 2, 2019.
             Slain by a phantom (8 damage)
             ... on level 4 of the Dungeon.
             The game lasted 00:04:31 (3119 turns).

iamserjio the Skirmisher (OpEE)                     Turns: 3119, Time: 00:04:32

Health: -2/37      AC:  1    Str:  9    XL:     5   Next: 27%
Magic:  8/8        EV: 14    Int: 17    God:
Gold:   66         SH:  0    Dex: 12    Spells: 0/8 levels left

rFire    . . .     SeeInvis .   f - +4 whip
rCold    . . .     Gourm    .   (no shield)
rNeg     . . .     Faith    .   (helmet restricted)
rPois    .         Spirit   .   (no amulet)
rElec    .         Reflect  .   (no ring)
rCorr    .         Harm     .   (no ring)
MR       .....                  (no ring)
Stlth    +++.......             (no ring)
HPRegen  0.12/turn              (no ring)
MPRegen  0.11/turn              (no ring)
                                (no ring)
                                (no ring)

@: no status effects
A: almost no armour, stealthy swim, amphibious, 8 rings, constrict 8, camouflage
1, gelatinous body 1
a: no special abilities


You were on level 4 of the Dungeon.
You were not hungry.

You visited 1 branch of the dungeon, and saw 4 of its levels.

You collected 66 gold pieces.

Inventory:

Hand Weapons
 d - a +0 short sword
 e - a +0 hunting sling
 f - a +4 whip (weapon)
Missiles
 b - 68 stones (quivered)
 l - 20 poisoned darts
Jewellery
 j - an uncursed amulet of rage {unknown}
Scrolls
 a - a scroll of identify {unknown}
 h - 2 scrolls of fog {unknown}
 k - 2 scrolls of enchant weapon {unknown}
 m - a scroll of teleportation {unknown}
 p - a scroll of blinking {unknown}
Potions
 i - a potion of degeneration {unknown}
 o - a potion of berserk rage {unknown}
 q - a potion of heal wounds {unknown}
Comestibles
 c - 10 rations


   Skills:
 + Level 3.8 Fighting
 + Level 3.3 Dodging
 - Level 2.6 Stealth
 + Level 2.0 Spellcasting
 * Level 0.0 Summonings
   Level 1.0 Transmutations
 - Level 3.0 Earth Magic


You couldn't memorise any spells.
You knew the following spells:

 Your Spells              Type           Power        Failure   Level  Hunger
a - Sandblast             Erth           ##....       5%          1    #......
b - Call Canine Familiar  Summ           #.......     50%         3    ###....
c - Summon Ice Beast      Ice/Summ       #.......     88%         4    #####..

Your spell library contained the following spells:

 Spells                   Type           Power        Failure   Level  Hunger
 Passwall                 Tmut/Erth      #.......     13%         2    ###....
 Summon Small Mammal      Summ           #...         19%         1    #......
 Call Imp                 Summ           #.......     28%         2    ###....
 Stone Arrow              Conj/Erth      #.....       30%         3    ###....
 Summon Guardian Golem    Hex/Summ       #.......     50%         3    ###....
 Petrify                  Tmut/Erth      #.......     63%         4    #####..
 Lee's Rapid Deconstruct  Erth           ##........   83%         5    ######.
 Summon Lightning Spire   Summ/Air       #.......     88%         4    #####..


Dungeon Overview and Level Annotations

Branches:
Dungeon (4/15)
 Temple: D:4-7

Altars:
Sif Muna


Innate Abilities, Weirdness & Mutations

You cannot wear most types of armour.
You are very stealthy in the water. (Stealth+)
You are amphibious.
You can wear up to eight rings at the same time.
You can use your tentacles to constrict eight enemies at once.
Your skin changes colour to match your surroundings (Stealth+).
Your rubbery body absorbs attacks. (AC +1, EV +1)


Message History

Aim: a phantom (severely damaged)
You throw a javelin. The javelin barely misses the phantom.
You miss the phantom. The phantom hits you.
The phantom blinks!
You start resting.
The phantom is too close now for your liking.
Throwing (i - inventory. (/) - cycle)
b - 69 stones (quivered)
Aim: a phantom (severely damaged)
You throw a stone. The stone hits the phantom.
You closely miss the phantom. Your squeeze misses the phantom.
The phantom hits you.
The phantom blinks!
You start resting.
The phantom is too close now for your liking.
You barely miss the phantom. The phantom completely misses you.
You closely miss the phantom. The phantom hits you.
* * * LOW HITPOINT WARNING * * *
You miss the phantom. The phantom barely misses you.
You hit the phantom but do no damage. The phantom hits you.
* * * LOW HITPOINT WARNING * * *
The phantom hits you!
You die...

#....#..# # #......###
.. #.......## ..#
#.#......#...# .(##
##(.#.......###
.....###..##..#.......
......(....#......##
.#####W..##..##.##
#@###<..# #
............###
......((.......
...###.#.#...<. .#
#.#...#### #.##..# .[
... .##.#..


You could see a phantom.

Vanquished Creatures
  A howler monkey (D:3)
  3 gnolls (D:2)
  3 adders
  An ooze (D:3)
  2 dart slugs
  2 leopard geckos
  3 bats
  2 giant cockroaches
  A goblin (D:3)
  7 hobgoblins
  4 jackals (D:2)
  3 kobolds
  2 quokkas (D:2)
  2 frilled lizards
  6 rats
42 creatures vanquished.

Notes
Turn   | Place    | Note
-------+----------+-------------------------------------------
     0 | D:1      | iamserjio the Octopode Earth Elementalist began the quest
                  | for the Orb.
     0 | D:1      | Reached XP level 1. HP: 11/11 MP: 3/3
   774 | D:1      | Reached skill level 1 in Fighting
   774 | D:1      | Reached XP level 2. HP: 18/18 MP: 5/5
  1433 | D:2      | Reached XP level 3. HP: 24/24 MP: 6/6
  1891 | D:2      | Reached XP level 4. HP: 18/30 MP: 7/7
  2339 | D:2      | Found a shimmering blue altar of Sif Muna.
  2698 | D:3      | Reached XP level 5. HP: 19/37 MP: 8/8
  3062 | D:3      | Learned a level 3 spell: Call Canine Familiar
  3067 | D:3      | Learned a level 4 spell: Summon Ice Beast
  3071 | D:4      | Noticed a phantom
  3119 | D:4      | Slain by a phantom

Levels and vault maps discovered:
D:1:      lightli_molten_gateway, layout_rooms, serial_co_window_serial,
          co_window_paths_a, co_window_corner_a, co_window_of_opportunity_a,
          co_window_paths_a, co_window_paths_b, co_window_2corner,
          co_window_cross_3, co_window_unsneaky_path_d, co_window_broadway_a,
          glass_columns_a, glass_columns_b
D:2:      layout_loops_ring, led_sif_pool
D:3:      layout_rooms
D:4:      minmay_thinvault, layout_rooms, minmay_temple_entry_glass,
          first_ration, hangedman_abyss_or_decor_slice, hex_medium,
          saegor_snake_ambush, uniq_blork_the_orc, uniq_menkaure

Skill      XL: |  1  2  3  4 |
---------------+-------------+-----
Fighting       | 1 2 3 |  3.8
Dodging        | 3 |  3.3
Stealth        | |  2.6
Spellcasting   | |  2.0
Transmutations | |  1.0
Earth Magic    | |  3.0

Action                   |  1- 3 |  4- 6 || total
-------------------------+-------+-------++-------
Melee: Short sword       |    28 |       ||    28
       Constrict         |    15 |     6 ||    21
       Unarmed           |     3 |       ||     3
       Tentacles         |     9 |     4 ||    13
       Whip              |    28 |    52 ||    80
Throw: Javelin           |     5 |     7 ||    12
       Stone             |       |     1 ||     1
 Cast: Sandblast         |     1 |       ||     1
 Stab: Sleeping          |    11 |     5 ||    16
  Eat: Chunk             |     3 |     4 ||     7
Armor: Skin              |     6 |     1 ||     7
Dodge: Dodged            |    37 |    23 ||    60

Table legend:
 A = Non-vault XP
 B = Vault XP
 C = Vault XP percentage of total XP
 D = Non-vault monster count
 E = Vault monster count
 F = Vault count percentage of total count
                 A         B        C        D         E       F
            +---------+---------+-------+---------+---------+-------
      Total |     208 |       0 |   0.0 |      42 |       0 |   0.0
            +---------+---------+-------+---------+---------+-------
        D:1 |      23 |       0 |   0.0 |      12 |       0 |   0.0
        D:2 |      79 |       0 |   0.0 |      17 |       0 |   0.0
        D:3 |     106 |       0 |   0.0 |      13 |       0 |   0.0
            +---------+---------+-------+---------+---------+-------
